 Dungeon Crawl Stone Soup version 0.31-a0-672-g7da72447bb (webtiles) character file.

Game seed: 6482372867884170610

125754 browni3141 the Covert (level 16, -13/127 HPs)
             Began as a Gnoll Shapeshifter on Sept 5, 2023.
             Was a High Priest of Okawaru.
             Shot with a bolt by a naga sharpshooter (24 damage)
             ... in the Arena.
             The game lasted 01:16:04 (30173 turns).

browni3141 the Covert (Gnoll Shapeshifter)         Turns: 30173, Time: 01:16:07

Health: -13/127    AC: 20    Str: 15    XL:     16   Next: 96%
Magic:  15/22      EV: 25    Int:  7    God:    Okawaru [*****.]
Gold:   2515       SH:  0    Dex: 28    Spells: 38/38 levels left

rFire   + . .        b - melded +6 shortbow (elec)
rCold   + . .        (shield currently unavailable)
rNeg    . . .        x - +6 scale mail of Crawling {rC+ rCorr}
rPois   .            l - +1 helmet "Vuron" {Rampage rElec MP-9 Dex+4}
rElec   +            Q - +2 cloak "Qigeko" {Rampage rF+ SInv}
rCorr   +            u - melded +2 pair of gloves {hurl}
SInv    +            w - +2 pair of boots
Will    +++..        R - necklace of Bloodlust {Fury *Rage Will++ Int-3 Slay+6}
Stlth   +++++        p - +6 ring of dexterity
HPRegen 0.41/turn    C - +5 ring of evasion
MPRegen 0.18/turn

%: random rage (50%), rampage
@: blade hands, on berserk cooldown, slowed, studying 3 skills, duelling, very
slow
A: fangs 1, strong nose, distributed training
a: Begin Untransformation, Renounce Religion, Heroism, Finesse, Duel


You were in the Arena.
You worshipped Okawaru.
Okawaru was extremely pleased with you.
You had blades for hands.
You visited 5 branches of the dungeon, and saw 25 of its levels.
You also visited: Ossuary, Bailey, Gauntlet and Ice Cave.

You collected 3379 gold pieces.
You spent 864 gold pieces at shops.

Inventory:

Hand Weapons
 b - a +6 shortbow of electrocution (melded)
Missiles
 I - 11 throwing nets
 O - 18 javelins (quivered)
 P - 5 silver javelins
 U - 15 curare-tipped darts
 V - a dart of dispersal
 W - 16 boomerangs
 X - 3 atropa-tipped darts
Armour
 l - the +1 helmet "Vuron" (worn) {Rampage rElec MP-9 Dex+4}
   (Okawaru gifted it to you on level 3 of the Lair of Beasts)

   Dex+4:     It affects your dexterity (+4).
   rElec:     It insulates you from electricity.
   MP-9:      It affects your magic capacity (-9).
   Rampage:   It bestows one free step when moving towards enemies.
 u - a +2 pair of gloves of hurling (melded)
 w - a +2 pair of boots (worn)
 x - the +6 scale mail of Crawling (worn) {rC+ rCorr}
   (You found it on level 12 of the Dungeon)

   rC+:       It protects you from cold.
   rCorr:     It protects you from acid and corrosion.
 G - a +1 tower shield of cold resistance
 Q - the +2 cloak "Qigeko" (worn) {Rampage rF+ SInv}
   (You found it in a bailey)

   rF+:       It protects you from fire.
   SInv:      It lets you see invisible.
   Rampage:   It bestows one free step when moving towards enemies.
Jewellery
 p - a +6 ring of dexterity (left blade hand)
 C - a +5 ring of evasion (right blade hand)
 R - the necklace of Bloodlust (around neck) {Fury *Rage Will++ Int-3 Slay+6}
   (You found it in a Gauntlet)

   [amulet of nothing]

   Fury:      It extends the wearer's berserk rage when killing foes.
   Int-3:     It affects your intelligence (-3).
   Slay+6:    It affects your accuracy & damage with ranged weapons and melee
   (+6).
   Will++:    It greatly increases your willpower.
   *Rage:     It berserks you when you make melee attacks (+50% chance).
 T - a +6 ring of dexterity
Talismans
 d - a flux talisman
 n - a granite talisman
 z - a blade talisman (active)
 L - a serpent talisman
Wands
 c - a wand of mindburst (38)
 F - a wand of acid (26)
 J - a wand of roots (22)
 M - a wand of polymorph (22)
 Z - a wand of digging (2)
Scrolls
 a - 5 scrolls of vulnerability
 i - 6 scrolls of poison
 j - 12 scrolls of teleportation
 k - 2 scrolls of fear
 t - a scroll of blinking
 v - 4 scrolls of immolation
 y - a scroll of silence
 A - 3 scrolls of fog
 B - 4 scrolls of revelation
Potions
 e - 5 potions of haste
 f - 2 potions of might
 g - 3 potions of cancellation
 h - 7 potions of curing
 m - 5 potions of attraction
 o - 4 potions of magic
 q - a potion of resistance
 s - 4 potions of ambrosia
 D - 5 potions of lignification
 E - 6 potions of mutation
 H - 2 potions of heal wounds
 N - a potion of invisibility
 S - a potion of enlightenment
Miscellaneous
 r - a lightning rod (4/4)
 K - a condenser vane
 Y - a phial of floods


   Skills:
 + Level 11.8 Fighting
 + Level 11.5 Short Blades
 + Level 11.5 Long Blades
 + Level 11.5 Axes
 + Level 11.5 Maces & Flails
 + Level 11.5 Polearms
 + Level 11.5 Staves
 + Level 11.5 Ranged Weapons
 + Level 11.5 Throwing
 + Level 11.5 Armour
 + Level 12.3 Dodging
 + Level 14.0 Stealth
 + Level 14.0 Shields
 + Level 13.1 Unarmed Combat
 + Level 11.5 Spellcasting
 + Level 9.7 Conjurations
 + Level 9.7 Hexes
 + Level 9.7 Summonings
 + Level 9.7 Necromancy
 + Level 9.7 Translocations
 + Level 10.8 Transmutations
 + Level 9.7 Fire Magic
 + Level 9.7 Ice Magic
 + Level 9.7 Air Magic
 + Level 9.7 Earth Magic
 + Level 9.7 Poison Magic
 + Level 12.4 Invocations
 + Level 11.5 Evocations
 + Level 12.3 Shapeshifting


You had 38 spell levels left.
You didn't know any spells.
Your spell library contained the following spells:

 Spells                   Type           Power      Damage    Failure   Level
 Apportation              Tloc           34%        N/A       1%          1
 Magic Dart               Conj           68%        1d6       1%          1
 Necrotise                Necr           68%        1d7       1%          1
 Sting                    Tmut/Pois      72%        1d6       1%          1
 Poisonous Vapours        Pois/Air       34%        N/A       1%          2
 Static Discharge         Conj/Air       34%        2-4/arc   1%          2
 Wereblood                Tmut           19%        N/A       1%          2
 Ignite Poison            Fire/Tmut/Pois 18%        N/A       1%          3
 Inner Flame              Hex/Fire       17%        N/A       2%          3
 Mephitic Cloud           Conj/Pois/Air  17%        N/A       2%          3
 Stone Arrow              Conj/Erth      34%        3d9       2%          3
 Vampiric Draining        Necr           17%        2d7       2%          3
 Airstrike                Air            8%         2d(2-18)  8%          4
 Anguish                  Hex/Necr       8%         N/A       8%          4
 Olgreb's Toxic Radiance  Pois           17%        N/A       8%          4
 Passage of Golubria      Tloc           17%        N/A       8%          4
 Sticky Flame             Conj/Fire      17%        2d4       8%          4
 Irradiate                Conj/Tmut      9%         3d14      17%         5
 Yara's Violent Unravell  Hex/Tmut       9%         3d6       17%         5
 Agony                    Necr           17%        N/A       22%         5
 Freezing Cloud           Conj/Ice/Air   8%         6-21      22%         5
 Lee's Rapid Deconstruct  Erth           8%         3d7*      22%         5
 Silence                  Hex/Air        8%         N/A       22%         5
 Conjure Ball Lightning   Conj/Air       8%         3x3d6     75%         6
 Enfeeble                 Hex            8%         N/A       100%        7
 Discord                  Hex            8%         N/A       100%        8
 Disjunction              Tloc           8%         N/A       100%        8
 Ignition                 Fire           8%         3d5       100%        8
 Lehudib's Crystal Spear  Conj/Erth      8%         10d4      100%        8
 Summon Small Mammal      Summ           Unusable   N/A       N/A         1
 Call Imp                 Summ           Unusable   N/A       N/A         2
 Animate Armour           Summ/Erth      Unusable   N/A       N/A         4
 Summon Lightning Spire   Summ/Air       Unusable   N/A       N/A         4

Dungeon Overview and Level Annotations

Branches:
Dungeon (15/15)            Temple (1/1) D:7            Lair (5/5) D:10
  Swamp (0/4) Lair:2        Snake (2/4) Lair:2        Slime (0/5) Lair:5
    Orc (2/2) D:9             Elf (0/3) Orc:2        Vaults (0/5) D:14
 Depths (0/4) D:15        Ossuary (visited)          Bailey (visited)
  IceCv (visited)         Gauntlet (visited)

Altars:
Ashenzari
Cheibriados
Dithmenos
Elyvilon
Fedhas
Gozag
Hepliaklqana
Kikubaaqudgha
Makhleb
Nemelex Xobeh
Okawaru
Qazlal
Ru
Sif Muna
Trog
Uskayaw
Vehumet
Wu Jian
Xom
Yredelemnul
Zin
The Shining One
Jiyva

Shops:
D:4 =   D:6 (   D:13 *   D:14 *   Orc:2 =?===   Snake:1 (*=

Annotations:
Temple 2 transporters


Innate Abilities, Weirdness & Mutations

You have blades for hands.
You are incapable of wielding weapons or throwing items.
You have very sharp teeth.
Your uncanny sense of smell can sniff out nearby items.
Your experience applies equally to all skills.


Message History

You are too injured to fight recklessly!
Unknown command.
The naga sharpshooter casts a spell.
The naga sharpshooter magically shoots a bolt.
The bolt misses you.
The naga mage gestures at you while chanting.
The bolt of poison hits the naga sharpshooter.
The bolt of poison hits you.
You are poisoned.
The naga sharpshooter shoots a bolt.
The bolt hits you!!
* * * LOW HITPOINT WARNING * * *
Things that are here:
a +0 scimitar; a naga corpse Unknown command.
Okay, then.
Unknown command.
Aiming: Duel (5% risk of failure)
Press: ? - help, Dir - move target, f - naga sharpshooter
Aim: a naga sharpshooter, wielding a +0 arbalest (severely wounded)
You enter into single combat with the naga sharpshooter!
The world spins around you as you enter the gateway.
You enter Okawaru's Arena!
You feel very sick.
The spectator shouts! x7
The naga sharpshooter gestures wildly while chanting.
The naga sharpshooter magically shoots a bolt.
The bolt hits you!!
* * * LOW HITPOINT WARNING * * *
The spectator shouts! x2
Found a gate leading back out of this place.
There is an empty arch of ancient stone, spattered with blood here.
You feel better.
The spectator shouts!
The naga sharpshooter spits poison at you.
The splash of poison misses you.
The naga sharpshooter gestures wildly while chanting.
The naga sharpshooter magically shoots a bolt.
The bolt hits you!!
You die...
Okawaru crowns the naga sharpshooter victorious!

###########
#...ppp.p.#
#p▓▓▓▓▓▓▓.#
#.▓.....▓.#
#p▓...N.▓p#
#p▓..@..▓p#
#p▓.....▓p#
#.▓.....▓.#
#.▓▓▓▓▓▓▓p#
#.pp▓∩▓.p.#
###########


You could see a naga sharpshooter (catching breath).

Vanquished Creatures
  Gastronok (D:7)
  Roxanne (D:15)
  Agnes (D:15)
  2 very ugly things
  A minotaur (Gauntlet)
  The ghost of Ocsitsuh the Geomancer, a journeyman DgEE (Lair:4)
  Fannar (Lair:2)
  Harold (D:11)
  3 hydras
  An ogre mage (D:14)
  2 caustic shrike simulacra (IceCv)
  2 catoblepae
  An anaconda (Snake:1)
  Erica (Lair:2)
  A death knight (D:15)
  13 death yaks
  3 two-headed ogres
  5 boulder beetles
  A centaur warrior (D:14)
  2 tengu warriors (D:14)
  A naga warrior (Snake:1)
  A deep troll shaman (Lair:5)
  A shock serpent (Snake:2)
  A deep elf knight (D:14)
  3 naga sharpshooters
  A salamander mystic (Snake:2)
  2 skysharks
  6 skeletal warriors
  6 orc knights
  A naga ritualist (Snake:1)
  A necromancer (D:15)
  A wizard (D:15)
  2 deep elf pyromancers
  2 deep elf zephyrmancers (D:14)
  5 oklob plants (Lair:4)
  An orange crystal statue (IceCv)
  A wolf spider (D:14)
  7 salamanders
  16 ugly things
  9 mana vipers
  3 manticores
  4 orc sorcerers
  16 elephants
  6 cyclopes
  3 naga magi
  A torpor snail (Gauntlet)
  15 black mambas
  A gargoyle (D:13)
  17 cane toads
  2 ice statues
  6 centaur skeletons
  Psyche (D:8)
  2 minotaur zombies (Gauntlet)
  12 komodo dragons
  2 tengu conjurers (D:14)
  7 rime drakes
  2 freezing wraiths (IceCv)
  A kobold demonologist (D:13)
  5 yaktaurs (D:14)
  2 anaconda simulacra (IceCv)
  A golden dragon simulacrum (IceCv)
  An ice devil (Gauntlet)
  9 trolls
  A queen bee (Lair:4)
  2 hornets
  2 meliai (Lair:4)
  A polar bear (Lair:5)
  Prince Ribbit (Lair:1)
  13 blink frogs
  2 alligator simulacra (IceCv)
  8 slime creatures (D:13)
  A centaur simulacrum (D:15)
  A spriggan (shapeshifter) (D:14)
  2 wraiths
  A shadow (D:11)
  4 wyverns
  18 vampire mosquitoes
  2 basilisks
  33 yaks
  5 humans (D:6)
  2 steam dragons (D:8)
  Grum (Bailey)
  2 wargs
  A harpy simulacrum (IceCv)
  2 acid dragons
  7 nagas
  13 water moccasins
  37 orc warriors
  3 ice beasts
  3 sky beasts
  16 ogres
  3 black bears
  34 wolves
  24 centaurs
  A phantom (D:5)
  19 bullfrogs
  An elf zombie (Ossuary)
  14 kobold brigands
  Blork the orc (D:5)
  11 gnoll sergeants
  2 scorpions
  19 killer bees
  14 howler monkeys
  5 electric eels
  6 gnoll boudas
  3 hounds
  Crazy Yiuf (D:6)
  2 jellies
  2 iguanas
  10 orc priests
  8 orc wizards
  A boggart skeleton (D:15)
  A boggart simulacrum (D:15)
  A hound zombie (Ossuary)
  4 mummies (Ossuary)
  27 gnolls
  4 adders
  5 white imps
  2 adder zombies (Ossuary)
  2 dart slugs
  62 orcs
  5 bats
  4 endoplasms
  2 giant cockroaches
  2 gnoll zombies (Ossuary)
  4 goblins
  5 hobgoblins
  4 jackals (D:2)
  A quokka (D:3)
  A ball python (D:2)
  2 frilled lizards (D:2)
  A goblin zombie (Ossuary)
  2 hobgoblin zombies (Ossuary)
  A jackal zombie (Ossuary)
  27 kobolds
  2 orc zombies (Ossuary)
  2 rats (D:3)
769 creatures vanquished.

Vanquished Creatures (others)
  5 dream sheep (D:3)
  A gnoll (D:3)
  An endoplasm (D:3)
7 creatures vanquished.

Grand Total: 776 creatures vanquished

Notes
Turn   | Place    | Note
-------+----------+-------------------------------------------
     0 | D:1      | browni3141 the Gnoll Shapeshifter began the quest for the
                  | Orb.
     0 | D:1      | Reached XP level 1. HP: 17/17 MP: 1/1
   370 | D:1      | Reached XP level 2. HP: 20/23 MP: 2/2
   995 | D:2      | Reached XP level 3. HP: 28/28 MP: 3/3
  1191 | D:2      | Reached skill level 1 in Invocations
  1797 | D:3      | Found a snail-covered altar of Cheibriados.
  1797 | D:3      | Noticed a scorpion
  1824 | D:3      | Killed a scorpion
  1825 | D:3      | Reached skill level 1 in Short Blades
  1825 | D:3      | Reached skill level 1 in Long Blades
  1825 | D:3      | Reached skill level 1 in Axes
  1825 | D:3      | Reached skill level 1 in Maces & Flails
  1825 | D:3      | Reached skill level 1 in Polearms
  1825 | D:3      | Reached skill level 1 in Staves
  1825 | D:3      | Reached skill level 1 in Ranged Weapons
  1825 | D:3      | Reached skill level 1 in Throwing
  1825 | D:3      | Reached skill level 1 in Armour
  1825 | D:3      | Reached skill level 1 in Stealth
  1825 | D:3      | Reached skill level 1 in Shields
  1825 | D:3      | Reached skill level 1 in Spellcasting
  1825 | D:3      | Reached skill level 1 in Conjurations
  1825 | D:3      | Reached skill level 1 in Hexes
  1825 | D:3      | Reached skill level 1 in Summonings
  1825 | D:3      | Reached skill level 1 in Necromancy
  1825 | D:3      | Reached skill level 1 in Translocations
  1825 | D:3      | Reached skill level 1 in Transmutations
  1825 | D:3      | Reached skill level 1 in Fire Magic
  1825 | D:3      | Reached skill level 1 in Ice Magic
  1825 | D:3      | Reached skill level 1 in Air Magic
  1825 | D:3      | Reached skill level 1 in Earth Magic
  1825 | D:3      | Reached skill level 1 in Poison Magic
  1825 | D:3      | Reached skill level 1 in Evocations
  1825 | D:3      | Reached XP level 4. HP: 23/34 MP: 5/5
  2139 | D:3      | Reached XP level 5. HP: 40/40 MP: 5/7
  2164 | D:3      | Noticed a dream sheep
  2164 | D:3      | Noticed a dream sheep
  2164 | D:3      | Noticed a dream sheep
  2164 | D:3      | Noticed a dream sheep
  2164 | D:3      | Noticed a dream sheep
  2164 | D:3      | Found a shimmering altar of Xom.
  2168 | D:3      | Killed a dream sheep
  2168 | D:3      | Killed a dream sheep
  2168 | D:3      | Killed a dream sheep
  2168 | D:3      | Killed a dream sheep
  2169 | D:3      | Killed a dream sheep
  2313 | D:3      | Noticed a fire elemental
  2316 | D:3      | Found a stormy altar of Qazlal.
  2318 | D:3      | Noticed an air elemental
  2324 | D:3      | Found an iron altar of Okawaru.
  2535 | D:3      | Noticed a water elemental
  2955 | D:3      | Became a worshipper of Warmaster Okawaru
  3012 | D:4      | Found Juwn's Jewellery Shop.
  3256 | D:4      | Found a bloodstained altar of Trog.
  3961 | D:5      | Entered Level 5 of the Dungeon
  4083 | D:5      | Noticed Blork the orc
  4090 | D:5      | Killed Blork the orc
  4091 | D:5      | Reached skill level 5 in Dodging
  4091 | D:5      | Reached XP level 6. HP: 38/47 MP: 8/8
  4092 | D:5      | Identified the +4 scale mail of the Tundras {-Tele rElec
                  | rCorr Int+7}
  4619 | D:5      | Reached * piety under Okawaru
  4793 | D:5      | Noticed an ice beast
  4804 | D:5      | Killed an ice beast
  4805 | D:5      | Reached XP level 7. HP: 51/52 MP: 10/10
  5170 | D:5      | Found a sacrificial altar of Ru.
  5348 | D:6      | Noticed a hornet
  5357 | D:6      | Killed a hornet
  5357 | D:6      | Reached ** piety under Okawaru
  5358 | D:6      | Reached XP level 8. HP: 45/60 MP: 12/12
  5422 | D:6      | Found a sand-covered staircase.
  5439 | Ossuary  | Entered an ossuary
  5885 | D:6      | Found a runed translucent door.
  5886 | D:6      | Noticed Crazy Yiuf
  6019 | D:6      | Reached XP level 9. HP: 55/66 MP: 14/14
  6190 | D:6      | Reached *** piety under Okawaru
  6372 | D:6      | Reached skill level 5 in Fighting
  6382 | D:6      | Found Yvicief's Antique Weapon Shop.
  6622 | D:6      | Killed Crazy Yiuf
  6814 | D:7      | Found a glowing golden altar of the Shining One.
  6817 | D:7      | Found a hazy altar of Hepliaklqana.
  6820 | D:7      | Found a blossoming altar of Fedhas.
  7216 | D:7      | Identified the +5 falchion of Starshine {drain, rF+}
  7271 | D:7      | Reached skill level 5 in Invocations
  7403 | D:7      | Found a staircase to the Ecumenical Temple.
  7408 | Temple   | Found a transporter.
  7408 | Temple   | Found a transporter.
  7408 | Temple   | Found a transporter.
  7408 | Temple   | Found a transporter.
  7408 | Temple   | Entered the Ecumenical Temple
  7512 | D:8      | Noticed Psyche
  7517 | D:8      | Noticed Gastronok
  7519 | D:8      | Killed Psyche
  7580 | D:7      | Killed Gastronok
  7580 | D:7      | Reached **** piety under Okawaru
  7581 | D:7      | Reached skill level 5 in Short Blades
  7581 | D:7      | Reached skill level 5 in Long Blades
  7581 | D:7      | Reached skill level 5 in Axes
  7581 | D:7      | Reached skill level 5 in Maces & Flails
  7581 | D:7      | Reached skill level 5 in Polearms
  7581 | D:7      | Reached skill level 5 in Staves
  7581 | D:7      | Reached skill level 5 in Ranged Weapons
  7581 | D:7      | Reached skill level 5 in Throwing
  7581 | D:7      | Reached skill level 5 in Armour
  7581 | D:7      | Reached skill level 5 in Stealth
  7581 | D:7      | Reached skill level 5 in Shields
  7581 | D:7      | Reached skill level 5 in Spellcasting
  7581 | D:7      | Reached skill level 5 in Evocations
  7581 | D:7      | Reached XP level 10. HP: 14/76 MP: 17/17
  7914 | D:8      | Found a basalt altar of Yredelemnul.
  7991 | D:8      | Found an ornate altar of the Wu Jian Council.
  8104 | D:8      | Identified the +0 leather armour of Quaqurph {rF+ rN+
                  | rCorr}
  8396 | D:9      | Found a flagged portal.
  8525 | Bailey   | Entered a bailey
  8586 | Bailey   | Reached ***** piety under Okawaru
  8866 | Bailey   | Received a gift from Okawaru
  8944 | Bailey   | Noticed Grum
  8951 | Bailey   | Killed Grum
  8952 | Bailey   | Reached XP level 11. HP: 60/83 MP: 19/19
  8975 | Bailey   | Reached skill level 5 in Conjurations
  8975 | Bailey   | Reached skill level 5 in Hexes
  8975 | Bailey   | Reached skill level 5 in Summonings
  8975 | Bailey   | Reached skill level 5 in Necromancy
  8975 | Bailey   | Reached skill level 5 in Translocations
  8975 | Bailey   | Reached skill level 5 in Transmutations
  8975 | Bailey   | Reached skill level 5 in Fire Magic
  8975 | Bailey   | Reached skill level 5 in Ice Magic
  8975 | Bailey   | Reached skill level 5 in Air Magic
  8975 | Bailey   | Reached skill level 5 in Earth Magic
  8975 | Bailey   | Reached skill level 5 in Poison Magic
  9012 | Bailey   | Received a gift from Okawaru
  9239 | Bailey   | Identified the +2 cloak "Qigeko" {Rampage rF+ SInv}
  9493 | D:9      | Found a shadowy altar of Dithmenos.
  9815 | D:9      | Found a staircase to the Orcish Mines.
 10063 | D:9      | Received a gift from Okawaru
 10501 | D:10     | Entered Level 10 of the Dungeon
 10650 | D:10     | Received a gift from Okawaru
 10795 | D:10     | Found an opulent altar of Gozag.
 10802 | D:10     | Found a glowing silver altar of Zin.
 10896 | D:10     | Noticed a two-headed ogre
 10903 | D:10     | Killed a two-headed ogre
 11100 | D:10     | Found a staircase to the Lair.
 11284 | D:10     | Found a white marble altar of Elyvilon.
 11642 | D:11     | Noticed Harold
 11732 | D:11     | Killed Harold
 11859 | D:11     | Reached XP level 12. HP: 91/91 MP: 22/22
 12000 | D:11     | Received a gift from Okawaru
 12566 | D:11     | Noticed a boulder beetle
 12602 | D:11     | Killed a boulder beetle
 12602 | D:11     | Received a gift from Okawaru
 13223 | D:12     | Found a gate leading to a gauntlet.
 13232 | Gauntlet | Entered a Gauntlet
 13232 | Gauntlet | Found a transporter.
 13239 | Gauntlet | Found a transporter.
 13241 | Gauntlet | Found a transporter.
 13246 | Gauntlet | Found a runed translucent door.
 13248 | Gauntlet | Found a runed translucent door.
 13251 | Gauntlet | Found a transporter.
 13254 | Gauntlet | Found a transporter.
 13257 | Gauntlet | Noticed a death yak
 13258 | Gauntlet | Noticed a death yak
 13258 | Gauntlet | Noticed a death yak
 13259 | Gauntlet | Noticed a death yak
 13259 | Gauntlet | Noticed a death yak
 13265 | Gauntlet | Found a transporter.
 13265 | Gauntlet | Found the necklace of Bloodlust {Fury *Rage Will++ Int-3
                  | Slay+6}
 13281 | Gauntlet | Found a transporter.
 13293 | Gauntlet | Found a transporter.
 13304 | Gauntlet | Noticed a catoblepas
 13305 | Gauntlet | Found a transporter.
 13310 | Gauntlet | Found a transporter.
 13310 | Gauntlet | Found a transporter.
 13338 | Gauntlet | Found a transporter.
 13338 | Gauntlet | Found a transporter.
 13392 | Gauntlet | Found a transporter.
 13529 | Gauntlet | Received a gift from Okawaru
 13827 | Gauntlet | Reached skill level 10 in Unarmed Combat
 13833 | Gauntlet | Identified the amulet "Huekhiat" {Reflect Rampage Will+
                  | SH+5}
 13869 | Gauntlet | Killed a death yak
 13878 | Gauntlet | Killed a death yak
 13884 | Gauntlet | Killed a death yak
 13887 | Gauntlet | Killed a death yak
 13893 | Gauntlet | Killed a death yak
 13893 | Gauntlet | Received a gift from Okawaru
 13919 | Gauntlet | Noticed a minotaur
 13928 | Gauntlet | Killed a minotaur
 13936 | Gauntlet | Got Fuoloamoga's Textbook on Mutagenic Last Rites
 14203 | D:12     | Identified a scroll of acquirement
 14247 | D:12     | Acquired 691 gold pieces
 15180 | D:12     | Identified the +6 scale mail of Crawling {rC+ rCorr}
 15344 | Lair:1   | Entered Level 1 of the Lair of Beasts
 15362 | Lair:1   | Reached XP level 13. HP: 99/99 MP: 23/25
 15455 | Lair:1   | Received a gift from Okawaru
 15515 | Lair:1   | Reached skill level 10 in Shapeshifting
 15755 | Lair:1   | Noticed Prince Ribbit
 15764 | Lair:1   | Reached ****** piety under Okawaru
 15766 | Lair:1   | Killed Prince Ribbit
 15825 | Lair:1   | Identified the +0 robe "Yfauss" {Fly rC- rN+++ Int+3}
 16904 | Lair:2   | Found a staircase to the Swamp.
 16975 | Lair:2   | Noticed Fannar
 16983 | Lair:2   | Killed Fannar
 17309 | Lair:2   | Found a staircase to the Snake Pit.
 17583 | Lair:2   | Noticed Erica
 17592 | Lair:2   | Killed Erica
 17970 | Lair:2   | Identified the +0 kite shield "Qahuwk" {-Cast rC++ Str+3
                  | Dex+2} (Okawaru gifted it to you on level 2 of the Lair of
                  | Beasts)
 17970 | Lair:2   | Received a gift from Okawaru
 18365 | Orc:1    | Entered Level 1 of the Orcish Mines
 18387 | Orc:1    | Reached skill level 10 in Dodging
 18604 | Orc:2    | Entered Level 2 of the Orcish Mines
 18793 | Orc:2    | Reached XP level 14. HP: 108/108 MP: 25/27
 18901 | Orc:2    | Reached skill level 10 in Stealth
 18940 | Orc:2    | Reached skill level 10 in Shields
 19274 | Orc:2    | Found Mok Toga's Jewellery Boutique.
 19284 | Orc:2    | Found a staircase to the Elven Halls.
 19402 | Orc:2    | Found Miklat's Jewellery Emporium.
 19402 | Orc:2    | Found Biusixa's Jewellery Shop.
 19404 | Orc:2    | Found Fuacvixt's Jewellery Boutique.
 19406 | Orc:2    | Found Muar's Magic Scroll Shoppe.
 19418 | Orc:2    | Bought a scroll of blinking for 90 gold pieces
 19418 | Orc:2    | Bought a scroll of revelation for 90 gold pieces
 19418 | Orc:2    | Bought a scroll of identify for 24 gold pieces
 19418 | Orc:2    | Bought a scroll of identify for 24 gold pieces
 19418 | Orc:2    | Bought a scroll of teleportation for 36 gold pieces
 19418 | Orc:2    | Bought a scroll of identify for 24 gold pieces
 19418 | Orc:2    | Bought a scroll of fog for 48 gold pieces
 19418 | Orc:2    | Bought 3 scrolls of identify for 72 gold pieces
 19493 | Orc:1    | Reached skill level 10 in Invocations
 20146 | Lair:3   | Received a gift from Okawaru
 20657 | Lair:3   | Identified the +1 helmet "Vuron" {Rampage rElec MP-9 Dex+4}
                  | (Okawaru gifted it to you on level 3 of the Lair of Beasts)
 20657 | Lair:3   | Received a gift from Okawaru
 21575 | Lair:4   | Noticed Ocsitsuh's ghost (journeyman DgEE)
 21576 | Lair:4   | Found a transporter.
 21581 | Lair:4   | Found a transporter.
 21665 | Lair:4   | Found a shadowy altar of Dithmenos.
 22067 | Lair:4   | Reached skill level 10 in Fighting
 22511 | Lair:4   | Found the +2 ratskin cloak {*Rats rPois rN+ Str-1 Int-1
                  | Dex+1}
 22724 | Lair:4   | Killed Ocsitsuh's ghost
 22827 | Lair:5   | Entered Level 5 of the Lair of Beasts
 23137 | Lair:5   | Reached XP level 15. HP: 115/115 MP: 19/28
 23221 | Lair:5   | Identified the +6 plate armour of Complete Protection {Fly
                  | Str+2} (Okawaru gifted it to you on level 5 of the Lair of
                  | Beasts)
 23221 | Lair:5   | Received a gift from Okawaru
 23237 | Lair:5   | Reached skill level 10 in Short Blades
 23237 | Lair:5   | Reached skill level 10 in Long Blades
 23237 | Lair:5   | Reached skill level 10 in Axes
 23237 | Lair:5   | Reached skill level 10 in Maces & Flails
 23237 | Lair:5   | Reached skill level 10 in Polearms
 23237 | Lair:5   | Reached skill level 10 in Staves
 23237 | Lair:5   | Reached skill level 10 in Ranged Weapons
 23237 | Lair:5   | Reached skill level 10 in Throwing
 23237 | Lair:5   | Reached skill level 10 in Armour
 23237 | Lair:5   | Reached skill level 10 in Spellcasting
 23237 | Lair:5   | Reached skill level 10 in Evocations
 23344 | Lair:5   | Acquired a manual of Transmutations
 23751 | Lair:5   | Identified the +8 plate armour "Geutuir" {*Slow rCorr
                  | Str+3}
 23996 | Lair:5   | Found a viscous altar of Jiyva.
 23996 | Lair:5   | Found a staircase to the Slime Pits.
 24725 | D:13     | Found Buminkirer's CLEARANCE SALE!.
 24732 | D:13     | Bought a potion of haste for 40 gold pieces
 24732 | D:13     | Bought a scroll of poison for 16 gold pieces
 25167 | D:13     | Identified the ring of Het Nyse {rC+ MP+9 Int+7}
 25999 | D:14     | Received a gift from Okawaru
 26301 | D:14     | Found Xadghaph's Blood Bar.
 26375 | D:14     | Found a gate to the Vaults.
 26507 | D:14     | Reached XP level 16. HP: 106/125 MP: 21/30
 26703 | D:14     | Received a gift from Okawaru
 26756 | D:14     | Found a sparkling altar of Nemelex Xobeh.
 27121 | D:4      | Bought a blade talisman for 400 gold pieces
 27343 | D:15     | Entered Level 15 of the Dungeon
 27350 | D:15     | Found a frozen archway.
 27362 | D:15     | Received a gift from Okawaru
 27565 | D:15     | Received a gift from Okawaru
 27584 | IceCv    | Entered an ice cave
 27586 | Arena    | Entered the Arena
 27593 | Arena    | Reached skill level 10 in Transmutations
 27627 | IceCv    | Identified the +0 chain mail of the Evening Star {Int-2
                  | Slay+5} (Okawaru gifted it to you in an ice cave)
 27627 | IceCv    | Received a gift from Okawaru
 27898 | IceCv    | Found a transporter.
 27906 | IceCv    | Found a transporter.
 27931 | IceCv    | Identified the +0 plate armour "Tovuahas" {rElec rF+ Will+
                  | Str+2}
 28041 | D:15     | Noticed Roxanne
 28052 | D:15     | Killed Roxanne
 28154 | D:15     | Found a staircase to the Depths.
 28367 | D:15     | Identified the +1 scale mail of Antique Salvation {-Tele
                  | Dex+5}
 28376 | D:15     | Noticed Agnes
 28388 | D:15     | Killed Agnes
 28760 | Snake:1  | Entered Level 1 of the Snake Pit
 29245 | Snake:1  | Found Pegitzi's Jewellery Shoppe.
 29249 | Snake:1  | Found Ukhlesigem's General Store.
 29250 | Snake:1  | Found Jepek's Antique Weapon Shoppe.
 29727 | Snake:1  | Received a gift from Okawaru
 30172 | Arena    | Entered the Arena
 30172 | Arena    | HP: 2/127 [naga sharpshooter/bolt (21)]
 30173 | Arena    | Shot with a bolt by a naga sharpshooter

Illustrated notes

Levels and vault maps discovered:
D:1:      dpeg_arrival_arbitrary_b, layout_basic, minmay_misc_feat_room
D:2:      layout_loops_ring, bh_walls_and_bars
D:3:      layout_basic, mainiacjoe_overflow_brackets,
          nicolae_qazlal_style_of_elements, kb_xom_exploding_sheep,
          old_standard_altar
D:4:      layout_basic, general_overflow_altar, serial_shops,
          nicolae_shop_gaudy_bauble
D:5:      layout_loops_corners, nicolae_ru_the_path_less_chosen,
          nrook_loot_triangle, uniq_blork_the_orc
D:6:      layout_loops_ring, nicolae_ossuary_entry_ruins, serial_shops,
          nicolae_shop_window_shopping, skrybe_limestone_x, minmay_ruffians,
          uniq_crazy_yiuf_cottage
D:7:      layout_basic, grunt_temple_overflow_open,
          minmay_temple_entry_nine_rooms, minmay_statues_item
D:8:      layout_cave_pools, nzn_wu_jian_council_hall,
          nicolae_overflow_crystal_walls, abandoned_shop, st_stairs_11,
          uniq_psyche, uniq_gastronok
D:9:      layout_loops_ring, grunt_dithmenos_smoke_and_mirrors,
          kennysheep_orc_monster_closet_entryway, enter_bailey_2
D:10:     layout_irregular_city, pdpol_temple_overflow_zin_treasury_gozag_greed,
          lemuel_round_altar, due_lair_maze_entry_diamond,
          hangedman_decor_points, st_stairs_14, minivault_24,
          dreamdust_mushroom_princess, minivault_19
D:11:     layout_cave_pods, uniq_harold
D:12:     lemuel_ice_statue, layout_grid_maze, gauntlet_entry_generic,
          chequers_serial_rivers_room_b
D:13:     layout_roguey [special_room_orc], nicolae_shop_clearance
D:14:     layout_irregular_city, hangedman_vaults_entry_quadrant_bands,
          nemelex_diamond_rough_becter, guppyfry_shop_blood
D:15:     grunt_enter_depths_magical_seal, layout_basic,
          minmay_misc_feat_secret_circle, portal_ice_cave_entry_pillars_four,
          minmay_crystal_room, uniq_agnes, uniq_roxanne
Temple:   hellmonk_temple_divided_pantheon
Lair:1:   layout_cave_pods, grunt_forest_stairs_basic, serial_bayou_shore_a,
          uniq_prince_ribbit2
Lair:2:   layout_regular_city, minmay_swamp_entry_eels,
          alex1729_snake_entry_snake, lemuel_fruit_tree, uniq_erica, uniq_fannar
Lair:3:   layout_small_grid, serial_bayou, serial_bayou_lagoon_a,
          serial_bayou_pond_a, serial_bayou_lake_a, serial_bayou_crossing,
          serial_bayou_pond_c, serial_bayou_shore_b,
          nicolae_lair_grove_arrangements
Lair:4:   minmay_lair_oklob_tunnel, layout_small_grid, basic_altar,
          gammafunk_ghost_hive, grunt_megastairs_1
Lair:5:   grunt_lair_end_beastmaster, layout_loops_ring,
          dpeg_slime_entry_enclosed
Snake:1:  layout_honeycomb, nicolae_snake_mages_go_home, minmay_shop_star
Snake:2:  layout_rooms, ebering_ghost_reflecting_pool, grunt_megastairs_2
Orc:1:    layout_caves, basic_altar, mines2_lemuel
Orc:2:    st_orc_rangers, layout_caves, serial_shops, shop_fountains
Arena

Skill      XL: |  1  2  3  4  5  6  7  8  9 10 11 12 13 14 15 16 |
---------------+-------------------------------------------------+-----
Invocations    | 1 2 3 4 5 6 7 8 9 10 11 12 | 12.4
Short Blades   | 1 2 3 5 6 8 9 10 11 | 11.5
Long Blades    | 1 2 3 5 6 8 9 10 11 | 11.5
Axes           | 1 2 3 5 6 8 9 10 11 | 11.5
Maces & Flails | 1 2 3 5 6 8 9 10 11 | 11.5
Polearms       | 1 2 3 5 6 8 9 10 11 | 11.5
Staves         | 1 2 3 5 6 8 9 10 11 | 11.5
Ranged Weapons | 1 2 3 5 6 8 9 10 11 | 11.5
Throwing       | 1 2 3 5 6 8 9 10 11 | 11.5
Armour         | 1 2 3 5 6 8 9 10 11 | 11.5
Stealth        | 1 2 3 5 6 8 9 11 12 14 | 14.0
Shields        | 1 2 3 5 6 8 9 11 12 14 | 14.0
Spellcasting   | 1 2 3 5 6 8 9 10 11 | 11.5
Conjurations   | 1 2 3 4 5 6 7 8 9 |  9.7
Hexes          | 1 2 3 4 5 6 7 8 9 |  9.7
Summonings     | 1 2 3 4 5 6 7 8 9 |  9.7
Necromancy     | 1 2 3 4 5 6 7 8 9 |  9.7
Translocations | 1 2 3 4 5 6 7 8 9 |  9.7
Transmutations | 1 2 3 4 5 6 7 8 9 10 | 10.8
Fire Magic     | 1 2 3 4 5 6 7 8 9 |  9.7
Ice Magic      | 1 2 3 4 5 6 7 8 9 |  9.7
Air Magic      | 1 2 3 4 5 6 7 8 9 |  9.7
Earth Magic    | 1 2 3 4 5 6 7 8 9 |  9.7
Poison Magic   | 1 2 3 4 5 6 7 8 9 |  9.7
Evocations     | 1 2 3 5 6 8 9 10 11 | 11.5
Fighting       | 3 4 5 6 7 8 9 10 11 | 11.8
Dodging        | 5 6 7 8 9 10 11 12 | 12.3
Unarmed Combat | 7 8 9 10 11 12 13 | 13.1
Shapeshifting  | 7 8 9 10 11 12 | 12.3

Action                     |  1- 3 |  4- 6 |  7- 9 | 10-12 | 13-15 | 16-18 || total
---------------------------+-------+-------+-------+-------+-------+-------++-------
  Melee: Unarmed           |    50 |    98 |   275 |   807 |  1310 |   297 ||  2837
         Bite              |     3 |    10 |    35 |   130 |   251 |    63 ||   492
         Punch             |       |     7 |     2 |       |       |    36 ||    45
         Constrict         |       |       |     2 |       |     9 |       ||    11
   Fire: Shortbow          |       |       |       |    30 |    82 |       ||   112
  Throw: Boomerang         |       |       |       |     8 |       |       ||     8
         Javelin           |       |       |       |     1 |       |       ||     1
 Invoke: Heroism           |       |       |     3 |     7 |     6 |     1 ||    17
         Finesse           |       |       |       |     3 |       |       ||     3
         Duel              |       |       |       |       |       |     2 ||     2
Ability: Begin Untransform |       |       |       |     1 |       |       ||     1
  Evoke: Wand              |       |       |    10 |     8 |     1 |     1 ||    20
         Lightning rod     |       |       |       |       |     4 |       ||     4
    Use: Potion            |     1 |       |     2 |     2 |       |     2 ||     7
         Scroll            |       |       |    10 |    16 |     8 |     6 ||    40
   Stab: Sleeping          |     1 |     3 |     1 |       |     4 |    14 ||    23
         Distracted        |       |       |       |     1 |     2 |     4 ||     7
         Petrified         |       |       |       |       |     8 |       ||     8
 Armour: Animal skin       |    18 |    23 |       |       |       |       ||    41
         Skin              |     1 |       |     2 |       |    10 |       ||    13
         Scale mail        |       |    21 |   174 |   390 |   713 |   137 ||  1435
  Dodge: Dodged            |    30 |    48 |   197 |   726 |  1743 |   265 ||  3009
  Block: Other             |       |       |       |     4 |       |       ||     4
   Form: Flux              |       |     2 |     3 |     3 |     3 |       ||    11
         Beast             |       |     1 |     1 |     2 |     1 |       ||     5
                           |       |     1 |       |       |     1 |       ||     2
         Anaconda          |       |       |     2 |     3 |     2 |       ||     7
         Blade             |       |       |       |       |       |     1 ||     1

Table legend: (Time is in decaauts)
 A = Elapsed time spent in this place.
 B = Non-inter-level travel time spent in this place.
 C = Inter-level travel time spent in this place.
 D = Time resting spent in this place.
 E = Time spent auto-exploring this place.
 F = Levels seen in this place.
 G = Mean time per level.
                   A        B        C        D        E       F      G
               +--------+--------+--------+--------+--------+-----+--------+
         Total |  30560 |  28412 |   2148 |   3989 |  18858 |  31 |  985.8 |
       Dungeon |  17465 |  15880 |   1585 |   1690 |  11305 |  15 | 1164.3 |
        Temple |     25 |     13 |     12 |      0 |      0 |   1 |   25.0 |
          Lair |   7839 |   7387 |    452 |   1201 |   4865 |   5 | 1567.8 |
     Snake Pit |   1477 |   1465 |     12 |    264 |    965 |   2 |  738.5 |
  Orcish Mines |   1426 |   1341 |     85 |    274 |    724 |   2 |  713.0 |
       Ossuary |    313 |    313 |      0 |      0 |    188 |   1 |  313.0 |
        Bailey |    794 |    794 |      0 |     10 |    473 |   1 |  794.0 |
      Ice Cave |    350 |    350 |      0 |    252 |      8 |   1 |  350.0 |
      Gauntlet |    839 |    839 |      0 |    276 |    330 |   1 |  839.0 |
         Arena |     28 |     28 |      0 |     19 |      0 |   2 |   14.0 |
               +--------+--------+--------+--------+--------+-----+--------+

Top non-repeatable levels by time:
    D:12: 1991 daAuts
  Lair:2: 1690 daAuts
  Lair:4: 1566 daAuts
  Lair:1: 1566 daAuts
    D:14: 1524 daAuts
  Lair:5: 1508 daAuts
  Lair:3: 1507 daAuts
 Snake:1: 1420 daAuts
     D:5: 1384 daAuts
    D:10: 1310 daAuts
     D:9: 1283 daAuts
    D:13: 1224 daAuts
     D:3: 1192 daAuts
     D:6: 1084 daAuts
     D:7: 1081 daAuts
